 Dungeon Crawl Stone Soup version 0.30-a0-1074-g5db6f66fbb (webtiles) character file.

Game seed: 4641857176473473328

30 oldriver the Chopper (level 3, 0/28 HPs)
             Began as a Demonspawn Gladiator on Apr 14, 2023.
             Succumbed to an adder's poison
             ... on level 2 of the Dungeon.
             The game lasted 00:01:53 (1652 turns).

oldriver the Chopper (Demonspawn Gladiator)         Turns: 1652, Time: 00:01:53

Health: 0/28       AC:  9    Str: 16    XL:     3   Next: 5%
Magic:  3/3        EV:  8    Int:  9    God:
Gold:   115        SH:  0    Dex: 14    Spells: 2/2 levels left

rFire   . . .      SeeInvis +    a - +0 war axe
rCold   . . .      Faith    .    (no shield)
rNeg    . . .      Spirit   .    q - +0 chain mail
rPois   .          Reflect  .    c - +0 helmet
rElec   .          Rampage  .    (no cloak)
rCorr   .                        (no gloves)
Will    .....                    (no boots) Stlth
                                 (no amulet)
HPRegen 0.24/turn                o - ring of see invisible
MPRegen 0.16/turn                (no ring)

@: lethally poisoned (0 -> -5)
A: magic regeneration
a: no special abilities


You were on level 2 of the Dungeon.
You visited 1 branch of the dungeon, and saw 2 of its levels.

You collected 115 gold pieces.

Inventory:

Hand Weapons
 a - a +0 war axe (weapon)
Missiles
 b - 5 poisoned darts
 d - 3 throwing nets (quivered)
 e - a javelin
 r - 13 stones
Armour
 c - a +0 helmet (worn)
 q - a +0 chain mail (worn)
Jewellery
 o - a ring of see invisible (left hand)
Scrolls
 g - a scroll of identify {unknown}
 i - a scroll of enchant armour {unknown}
 j - a scroll of blinking {unknown}
 p - a scroll of immolation {unknown}
Potions
 f - a potion of heal wounds {unknown}
 h - a potion of brilliance {unknown}
 k - a potion of flight {unknown}
 l - a potion of berserk rage {unknown}
 m - 3 potions of curing {unknown}
 n - a potion of invisibility {unknown}


   Skills:
 + Level 2.5 Fighting
 * Level 3.5 Axes
 - Level 1.7 Throwing
 - Level 2.6 Dodging


You had 2 spell levels left.
You didn't know any spells.
Your spell library was empty.

Dungeon Overview and Level Annotations

Branches:
Dungeon (2/15)

Altars:


Innate Abilities, Weirdness & Mutations

You regenerate magic rapidly.


Message History

You are too injured to fight recklessly!
You are too injured to fight recklessly!
You are too injured to fight recklessly!
You are too injured to fight recklessly!
You are too injured to fight recklessly!
You are too injured to fight recklessly!
You are too injured to fight recklessly!
You are too injured to fight recklessly!
You are too injured to fight recklessly!
You are too injured to fight recklessly!
You are too injured to fight recklessly!
You are too injured to fight recklessly!
You are too injured to fight recklessly!
You are too injured to fight recklessly!
You are too injured to fight recklessly!
You are too injured to fight recklessly!
You are too injured to fight recklessly!
You are too injured to fight recklessly!
You are too injured to fight recklessly!
You are too injured to fight recklessly!
You are too injured to fight recklessly!
You hit the adder.
The adder is almost dead.
You feel sick. The adder bites you.
You are more poisoned.
The adder poisons you! The adder bites you.
You closely miss the adder.
The adder is almost dead.
You feel very sick. The adder barely misses you.
The adder bites you but does no damage.
You hit the adder but do no damage.
The adder is almost dead.
* * * LOW HITPOINT WARNING * * *
You feel sick. The adder bites you.
* * * LOW HITPOINT WARNING * * *
The adder bites you.
* * * LOW HITPOINT WARNING * * *
You barely miss the adder.
The adder is severely wounded.
You die...

.....############
.....##.........#
................######
###+###..........#....
#.............#
+..........#..###
#..........#.....
#............#####
#....##...##@.......
####.##.#...S.[.....
#. #.####.#...#.. #.
..# ....?.# .### ...
#... #. ####. .... #
.## .


You could see an adder.

Vanquished Creatures
  A ball python (D:2)
  3 endoplasms (D:1)
  3 giant cockroaches
  4 goblins
  2 hobgoblins
  3 quokkas
  3 bats (D:1)
  A frilled lizard (D:1)
  5 kobolds
  A rat (D:2)
26 creatures vanquished.

Notes
Turn   | Place    | Note
-------+----------+-------------------------------------------
     0 | D:1      | oldriver the Demonspawn Gladiator began the quest for the
                  | Orb.
     0 | D:1      | Reached XP level 1. HP: 16/16 MP: 1/1
   203 | D:1      | Reached skill level 3 in Axes
   409 | D:1      | Gained mutation: You regenerate magic rapidly. [demonic
                  | ancestry]
   409 | D:1      | Reached XP level 2. HP: 19/22 MP: 2/2
  1380 | D:2      | Reached XP level 3. HP: 28/28 MP: 3/3
  1652 | D:2      | Succumbed to an adder's poison

Illustrated notes

Levels and vault maps discovered:
D:1:      dpeg_arrival_signposts, layout_loops_ring
D:2:      layout_basic, basic_altar, kennysheep_minor_cross

Skill      XL: |  1 |
---------------+----+-----
Axes           | 3 |  3.5
Fighting       | |  2.5
Throwing       | |  1.7
Dodging        | |  2.6

Action                     || total
---------------------------++-------
  Melee: War axe           ||    96
  Throw: Stone             ||     4
 Armour: Leather armour    ||    27
         Chain mail        ||     9
  Dodge: Dodged            ||    65

Table legend: (Time is in decaauts)
 A = Elapsed time spent in this place.
 B = Non-inter-level travel time spent in this place.
 C = Inter-level travel time spent in this place.
 D = Time resting spent in this place.
 E = Time spent auto-exploring this place.
 F = Levels seen in this place.
 G = Mean time per level.
                   A        B        C        D        E       F      G
               +--------+--------+--------+--------+--------+-----+--------+
         Total |   1684 |   1532 |    152 |    169 |   1075 |   2 |  842.0 |
       Dungeon |   1684 |   1532 |    152 |    169 |   1075 |   2 |  842.0 |
               +--------+--------+--------+--------+--------+-----+--------+

Top non-repeatable levels by time:
     D:1: 1236 daAuts
     D:2: 448 daAuts
